 Dungeon Crawl Stone Soup version 0.28-a0-984-g3775c662fe (webtiles) character file.

Game seed: 2480923198841208204

65 fragbeetle the Grasshopper (level 4, -3/38 HPs)
             Began as a Gnoll Warper on Dec 3, 2021.
             Slain by a goblin (4 damage)
             ... on level 3 of the Dungeon.
             The game lasted 00:06:52 (2518 turns).

fragbeetle the Grasshopper (Gnoll Warper)           Turns: 2518, Time: 00:06:53

Health: -3/38      AC:  3    Str: 12    XL:     4   Next: 13%
Magic:  8/11       EV: 12    Int: 13    God:
Gold:   80         SH:  0    Dex: 11    Spells: 8/13 levels left

rFire   . . .      SeeInvis .   a - +0 mace
rCold   . . .      Faith    .   (no shield)
rNeg    . . .      Spirit   .   b - +0 leather armour
rPois   .          Reflect  .   (no helmet)
rElec   .          Harm     .   (no cloak)
rCorr   .          Rampage  .   (no gloves)
Will    .....                   (no boots)
Stlth   +.........              (no amulet)
HPRegen 0.12/turn               (no ring)
MPRegen 0.12/turn               (no ring)

@: no status effects
A: fangs 1, strong nose, distributed training
a: no special abilities


You were on level 3 of the Dungeon.
You visited 1 branch of the dungeon, and saw 3 of its levels.

You collected 80 gold pieces.

Inventory:

Hand Weapons
 a - a +0 mace (weapon)
 s - a +0 hunting sling
Missiles
 d - 5 boomerangs of dispersal (quivered)
 t - 18 sling bullets
Armour
 b - a +0 leather armour (worn)
 g - a +0 ring mail
 h - a +0 tower shield
Magical Staves
 j - a staff of conjuration
Scrolls
 c - a scroll of blinking
 e - a scroll of enchant armour {unknown}
 f - 3 scrolls of identify {unknown}
 l - a scroll of fear {unknown}
 m - a scroll of teleportation
 n - a scroll of fog {unknown}
 r - a scroll of amnesia {unknown}
Potions
 i - 3 potions of attraction {unknown}
 k - 2 potions of degeneration {unknown}
 o - 2 potions of curing {unknown}
 p - a potion of might {unknown}
 q - a potion of flight {unknown}


   Skills:
 + Level 4.6 Fighting
 + Level 1.0 Short Blades
 + Level 1.0 Long Blades
 + Level 1.0 Axes
 + Level 4.6 Maces & Flails
 + Level 1.0 Polearms
 + Level 1.0 Staves
 + Level 1.0 Slings
 + Level 1.0 Bows
 + Level 1.0 Crossbows
 + Level 2.7 Throwing
 + Level 2.7 Armour
 + Level 4.6 Dodging
 + Level 1.0 Stealth
 + Level 1.0 Shields
 + Level 1.0 Unarmed Combat
 + Level 5.0 Spellcasting
 + Level 0.8 Conjurations
 + Level 0.8 Hexes
 + Level 0.8 Summonings
 + Level 0.8 Necromancy
 + Level 5.4 Translocations
 + Level 0.8 Transmutations
 + Level 0.8 Fire Magic
 + Level 0.8 Ice Magic
 + Level 0.8 Air Magic
 + Level 0.8 Earth Magic
 + Level 0.8 Poison Magic
 + Level 1.1 Invocations
 + Level 1.0 Evocations


You had 8 spell levels left.
You knew the following spells:

 Your Spells              Type           Power      Damage    Failure   Level
a - Blink                 Tloc           34%        N/A       3%          2
b - Gell's Gravitas       Tloc           17%        N/A       8%          3

Your spell library contained the following spells:

 Spells                   Type           Power      Damage    Failure   Level
 Lesser Beckoning         Tloc           17%        N/A       8%          3
 Teleport Other           Tloc           17%        N/A       8%          3
 Manifold Assault         Tloc           17%        N/A       56%         5


Dungeon Overview and Level Annotations

Branches:
Dungeon (3/15)

Altars:

Shops:
D:2 :

Annotations:
D:2 1 runed translucent door, Crazy Yiuf


Innate Abilities, Weirdness & Mutations

You have very sharp teeth.
Your uncanny sense of smell can sniff out nearby items.
Your experience applies equally to all skills.


Message History

The goblin dies!
The hound closely misses you.
There is an open door here.
Things that are here:
a +0 hunting sling; 25 stones The hobgoblin barely misses you.
The goblin unwields a +0 hunting sling.
The goblin hits you but does no damage.
The goblin wields a +0 hunting sling.
The goblin shoots a stone.
The stone barely misses you.
The goblin shoots a stone.
The stone hits you but does no damage.
The goblin shoots a stone.
The stone closely misses you.
The goblin shoots a stone.
The stone closely misses you.
There is an open door here.
A kobold comes into view. It is wielding a +0 short sword.
The hound bites you but does no damage.
You open the door.
A goblin and 2 hobgoblins come into view.
The hobgoblin shouts!
The hound bites you but does no damage.
A goblin comes into view. It is wielding a +0 club.
A hobgoblin comes into view. It is wielding a +0 club.
The kobold shouts!
The hobgoblin closely misses you.
There is an open door here.
The hobgoblin shouts!
You hit the hobgoblin. You bite the hobgoblin.
You kill the hobgoblin!
The hound closely misses you. The hound barely misses you.
The goblin barely misses you. The goblin misses you.
Things that are here:
a +0 club; a hobgoblin corpse The hobgoblin hits you with a +0 club.
* * * LOW HITPOINT WARNING * * *
The hound barely misses you. The goblin barely misses you.
The goblin hits you but does no damage. The hobgoblin barely misses you.
You closely miss the hobgoblin. Your bite misses the hobgoblin.
The hound bites you but does no damage. The hobgoblin barely misses you.
The goblin hits you with a +0 club.
You die...

. .................†......
.....o..................
≈≈....≈..≈≈≈≈≈.≈≈≈...≈..
≈≈.....≈≈≈≈≈≈≈≈≈≈≈≈≈≈≈≈≈
≈.....≈≈≈≈≈≈≈≈≈≈≈≈≈≈≈≈≈≈
≈≈....≈≈≈≈≈≈≈≈≈≈≈≈≈≈≈≈≈≈
########''###################
....g #....#...ggh.#........
..g.. #....#...g@ggKg.......
#######....#########........
.....#......#.g.g......#####
)....).....g'g...g.....#
....)#......#..........#
#######....#########......
#....# '....... #....#
#....... ###### ########


You could see a hound, 3 hobgoblins, 3 goblins and a kobold.

Vanquished Creatures
  An adder (D:2)
  A worm (D:2)
  A dart slug (D:1)
  An orc (D:3)
  7 endoplasms
  2 giant cockroaches (D:1)
  A goblin (D:3)
  10 hobgoblins
  3 quokkas
  4 ball pythons
  3 bats (D:1)
  A frilled lizard (D:1)
  2 kobolds (D:1)
  8 rats
45 creatures vanquished.

Vanquished Creatures (others)
  2 goblins (D:3)
  4 toadstools (D:1)
6 creatures vanquished.

Grand Total: 51 creatures vanquished

Notes
Turn   | Place    | Note
-------+----------+-------------------------------------------
     0 | D:1      | fragbeetle the Gnoll Warper began the quest for the Orb.
     0 | D:1      | Reached XP level 1. HP: 20/20 MP: 6/6
    67 | D:1      | Reached XP level 2. HP: 20/26 MP: 7/7
    79 | D:1      | Learned a level 2 spell: Blink
   794 | D:1      | Reached XP level 3. HP: 23/31 MP: 9/9
   948 | D:2      | Found Wumme Noq's Book Boutique.
  1134 | D:1      | Reached skill level 5 in Spellcasting
  1141 | D:1      | Learned a level 3 spell: Gell's Gravitas
  1667 | D:2      | Reached skill level 1 in Invocations
  1873 | D:2      | Reached skill level 1 in Short Blades
  1873 | D:2      | Reached skill level 1 in Long Blades
  1873 | D:2      | Reached skill level 1 in Axes
  1873 | D:2      | Reached skill level 1 in Polearms
  1873 | D:2      | Reached skill level 1 in Staves
  1873 | D:2      | Reached skill level 1 in Slings
  1873 | D:2      | Reached skill level 1 in Bows
  1873 | D:2      | Reached skill level 1 in Crossbows
  1873 | D:2      | Reached skill level 1 in Stealth
  1873 | D:2      | Reached skill level 1 in Shields
  1873 | D:2      | Reached skill level 1 in Unarmed Combat
  1873 | D:2      | Reached skill level 1 in Evocations
  2307 | D:2      | Found a runed translucent door.
  2308 | D:2      | Noticed Crazy Yiuf
  2441 | D:3      | Reached XP level 4. HP: 31/38 MP: 11/11
  2516 | D:3      | HP: 1/38 [hobgoblin (6)]
  2518 | D:3      | Slain by a goblin

Illustrated notes

Levels and vault maps discovered:
D:1:      ldierk_walled_garden_2, layout_basic
D:2:      layout_rooms, serial_shops, nicolae_shop_advertising_works
          [nicolae_subvault_shop_adworks], uniq_crazy_yiuf_cottage
D:3:      minmay_goblin_kobold_castle, layout_loops_ring

Skill      XL: |  1  2  3 |
---------------+----------+-----
Spellcasting   | 5 |  5.0
Invocations    | 1 |  1.1
Short Blades   | 1 |  1.0
Long Blades    | 1 |  1.0
Axes           | 1 |  1.0
Polearms       | 1 |  1.0
Staves         | 1 |  1.0
Slings         | 1 |  1.0
Bows           | 1 |  1.0
Crossbows      | 1 |  1.0
Stealth        | 1 |  1.0
Shields        | 1 |  1.0
Unarmed Combat | 1 |  1.0
Evocations     | 1 |  1.0
Fighting       | |  4.6
Maces & Flails | |  4.6
Throwing       | |  2.7
Armour         | |  2.7
Dodging        | |  4.6
Conjurations   | |  0.8
Hexes          | |  0.8
Summonings     | |  0.8
Necromancy     | |  0.8
Translocations | |  5.4
Transmutations | |  0.8
Fire Magic     | |  0.8
Ice Magic      | |  0.8
Air Magic      | |  0.8
Earth Magic    | |  0.8
Poison Magic   | |  0.8

Action                   |  1- 3 |  4- 6 || total
-------------------------+-------+-------++-------
Melee: Mace              |   139 |    19 ||   158
       Bite              |    10 |     2 ||    12
 Cast: Blink             |     1 |     1 ||     2
       Gell's Gravitas   |     1 |     2 ||     3
  Use: Scroll            |       |     1 ||     1
 Stab: Sleeping          |     1 |       ||     1
Armor: Leather armour    |    30 |    13 ||    43
Dodge: Dodged            |   109 |    38 ||   147

Table legend: (Time is in decaauts)
 A = Elapsed time spent in this place.
 B = Non-inter-level travel time spent in this place.
 C = Inter-level travel time spent in this place.
 D = Time resting spent in this place.
 E = Time spent auto-exploring this place.
 F = Levels seen in this place.
 G = Mean time per level.
                   A        B        C        D        E       F      G
               +--------+--------+--------+--------+--------+-----+--------+
         Total |   2549 |   2549 |      0 |    568 |   1132 |   3 |  849.7 |
       Dungeon |   2549 |   2549 |      0 |    568 |   1132 |   3 |  849.7 |
               +--------+--------+--------+--------+--------+-----+--------+

Top non-repeatable levels by time:
     D:1: 1544 daAuts
     D:2: 881 daAuts
     D:3: 124 daAuts
